AoeStats
← 13645570128

Golden Pit

509886495Analyzed
1v1 RM · 4d ago on Sep 28, 2026· 19m 31s· 2 players
Game mode
Random Map
Map size
Tiny (2 player)
Population
200
Speed
Normal
Resources
Standard
Victory
Conquest
Starting age
Dark Age
Ending age
Imperial Age
RankedLock teamsTeams togetherTeam positionsShared explorationLock speedFull tech treeHidden civsTurbo modeCheats
Victory
Defeat
🇨🇳 Armenians · China
640
+15
🇭🇰 Mongols · Hong Kong SAR China
623
-20
13645570128
11:55 Feudal Age
13:50 Double-Bit Axe
15:10 Gold Mining
Genc
8:16 Loom
11:26 Feudal Age
11:43 Man-at-Arms
13:23 Horse Collar
13:35 Long Swordsman
14:32 Scale Mail Armor
14:55 Arson
15:36 Double-Bit Axe
17:46 Wheelbarrow
19:14 Forging
Connection lost

Rejoining the realm…

Still unreachable

The connection could not be restored.

Session expired

The server has moved on; the page needs a fresh start.